 Dungeon Crawl Stone Soup version 0.27.1 (webtiles) character file.

Game seed: 10352829287480347386

684 Malachi the Digger (level 7, -1/41 HPs)
             Began as an Octopode Earth Elementalist on Aug 26, 2021.
             Slain by a wraith (10 damage)
             ... in an ossuary.
             The game lasted 00:14:05 (5438 turns).

Malachi the Digger (Octopode Earth Elementalist)    Turns: 5438, Time: 00:14:06

Health: -1/41      AC:  1    Str:  7    XL:     7   Next: 62%
Magic:  2/10       EV: 13    Int: 20    God:
Gold:   111        SH:  0    Dex: 12    Spells: 4/10 levels left

rFire    . . .     SeeInvis .   c - +1 dagger
rCold    + . .     Faith    .   (no shield)
rNeg     . . .     Spirit   .   (helmet restricted)
rPois    .         Reflect  .   (no amulet)
rElec    .         Harm     .   k - ring of protection from cold
rCorr    .         Rampage  .   (no ring)
Will     .....                  (no ring)
Stlth    +++.......             (no ring)
HPRegen  0.13/turn              (no ring)
MPRegen  0.12/turn              (no ring)
                                (no ring)
                                (no ring)

@: slowed, very slow
A: almost no armour, amphibious, 8 rings, camouflage 1, gelatinous body 1,
(nimble swimmer 1), tentacles
a: no special abilities


You were in an ossuary.
You visited 1 branch of the dungeon, and saw 4 of its levels.
You also visited: Ossuary.

You collected 111 gold pieces.

Inventory:

Hand Weapons
 c - a +1 dagger (weapon)
 e - a +0 trident
 n - a +0 whip
Missiles
 a - 13 poisoned darts
Magical Staves
 d - a staff of fire
Jewellery
 k - a ring of protection from cold (left tentacle)
Wands
 m - a wand of polymorph (5)
Scrolls
 i - 2 scrolls of identify
 j - a scroll of vulnerability {unknown}
 l - 3 scrolls of teleportation
 o - a scroll of enchant armour {unknown}
Potions
 f - a potion of flight
 g - a potion of heal wounds {unknown}
 h - a potion of degeneration {unknown}
 p - a potion of curing {unknown}


   Skills:
 - Level 2.0 Dodging
 - Level 2.7 Stealth
 - Level 2.0 Spellcasting
 + Level 3.1 Conjurations
 + Level 4.1 Transmutations
 * Level 6.7 Earth Magic


You had 4 spell levels left.
You knew the following spells:

 Your Spells              Type           Power      Damage    Failure   Level
a - Sandblast             Erth           56%        2d13      1%          1
b - Passwall              Tmut/Erth      19%        N/A       2%          2
c - Stone Arrow           Conj/Erth      42%        3d9       6%          3

Your spell library contained the following spells:

 Spells                   Type           Power      Damage    Failure   Level
 Magic Dart               Conj           56%        1d5       4%          1
 Corona                   Hex            2%         N/A       16%         1
 Petrify                  Tmut/Erth      23%        N/A       17%         4
 Call Imp                 Summ           2%         N/A       24%         2
 Ensorcelled Hibernation  Hex/Ice        4%         N/A       24%         2
 Mephitic Cloud           Conj/Pois/Air  6%         N/A       30%         3
 Tukima's Dance           Hex            2%         N/A       43%         3
 Lehudib's Crystal Spear  Conj/Erth      10%        10d4      100%        8
 Animate Armour           Summ/Erth      Unusable   N/A       N/A         4

Dungeon Overview and Level Annotations

Branches:
Dungeon (4/15)            Ossuary (1/1)
 Temple: D:4-7

Altars:
Makhleb
Uskayaw
Yredelemnul

Shops:
D:2 [*[:=


Innate Abilities, Weirdness & Mutations

You cannot wear most types of armour.
You are amphibious.
You can wear up to eight rings at the same time.
Your skin changes colour to match your surroundings (Stealth+).
Your rubbery body absorbs attacks. (AC +1, EV +1)
((You are camouflaged near water. (Stealth+)))
You have tentacles for arms and can constrict up to eight enemies at once.


Message History

Press: ? - help, Shift-Dir - straight line, f/p - wraith
Aim: a wraith (severely damaged, 71% to hit)
The stone arrow misses the wraith.
The wraith hits you!
Casting: Stone Arrow (dangerous; 6% risk of failure)
Confirm with . or Enter, or press ? or * to list all spells.
Aiming: Stone Arrow (dangerous; 6% risk of failure)
Press: ? - help, Shift-Dir - straight line, f/p - wraith
Aim: a wraith (severely damaged, 71% to hit)
The stone arrow hits the wraith.
The wraith is severely damaged.
The wraith hits you!
Casting: Stone Arrow (dangerous; 6% risk of failure)
Confirm with . or Enter, or press ? or * to list all spells.
Aiming: Stone Arrow (dangerous; 6% risk of failure)
Press: ? - help, Shift-Dir - straight line, f/p - wraith
Aim: a wraith (severely damaged, 71% to hit)
The stone arrow misses the wraith.
The wraith hits you.
Casting: Stone Arrow (dangerous; 6% risk of failure)
Confirm with . or Enter, or press ? or * to list all spells.
Aiming: Stone Arrow (dangerous; 6% risk of failure)
Press: ? - help, Shift-Dir - straight line, f/p - wraith
Aim: a wraith (severely damaged, 71% to hit)
The stone arrow hits the wraith!
The wraith is almost destroyed.
The wraith hits you!
* * * LOW HITPOINT WARNING * * *
The wraith drains your vigour!
You feel yourself slow down. The wraith barely misses you. The wraith hits you.
* * * LOW HITPOINT WARNING * * *
The wraith drains your vigour!
You feel as though you will be slow longer.
The wraith closely misses you. The wraith hits you.
* * * LOW HITPOINT WARNING * * *
The wraith drains your vigour!
You feel as though you will be slow longer.
The wraith barely misses you. The wraith hits you!
You die...

#......##.........##......#
#.....##...#####...##.....#
#....##...##...##...##....#
#....#...##..!..##...#....#
#....+...#.!!!??.'...'....#
#....#...##.?.?.##...#....#
#....##...##...##...##....#
#.....##...#####...##.....#
#......##....@W...##......#
#.......#####+#####.......#
#.∩.....................∩.#
#.........................#
############'''############
####...#### #..'...'..#
#..#...#..# ####...####


You could see a wraith.

Vanquished Creatures
  A water moccasin (D:4)
  2 ogres (D:4)
  A scorpion (D:4)
  2 hounds (D:4)
  An orc priest (D:4)
  A jelly (D:3)
  Ijyb (D:3)
  An iguana (D:4)
  An orc wizard (D:4)
  4 adders
  An ufetubus (D:4)
  An adder skeleton (D:4)
  A worm (D:2)
  2 dart slugs
  10 orcs
  3 endoplasms
  2 giant cockroaches
  13 goblins
  7 hobgoblins
  6 jackals
  6 kobolds
  5 quokkas
  3 ball pythons
  3 bats
  2 frilled lizards
  6 gnoll skeletons (Ossuary)
  A kobold skeleton (Ossuary)
  15 orc skeletons (Ossuary)
  7 rats
109 creatures vanquished.

Vanquished Creatures (collateral kills)
  A mummy (Ossuary)
  A gnoll skeleton (Ossuary)
  A kobold skeleton (Ossuary)
  An orc skeleton (Ossuary)
4 creatures vanquished.

Grand Total: 113 creatures vanquished

Notes
Turn   | Place    | Note
-------+----------+-------------------------------------------
     0 | D:1      | Malachi the Octopode Earth Elementalist began the quest for
                  | the Orb.
     0 | D:1      | Reached XP level 1. HP: 11/11 MP: 3/3
   657 | D:1      | Reached XP level 2. HP: 17/17 MP: 3/5
  1307 | D:2      | Found Qinaugg's Antique Armour Boutique.
  1322 | D:2      | Reached XP level 3. HP: 21/21 MP: 1/6
  1469 | D:2      | Found Efahiq's General Store.
  1840 | D:2      | Found Fysaorph's Antique Armour Emporium.
  1906 | D:2      | Found Geuxifi's Jewellery Emporium.
  1944 | D:2      | Reached skill level 4 in Earth Magic
  2089 | D:2      | Learned a level 2 spell: Passwall
  2098 | D:2      | Found Wigel Weyco's Book Shoppe.
  2596 | D:3      | Reached XP level 4. HP: 27/27 MP: 5/7
  2649 | D:3      | Learned a level 3 spell: Stone Arrow
  2991 | D:3      | Found a hide-covered altar of Uskayaw.
  3223 | D:3      | Reached XP level 5. HP: 31/31 MP: 6/8
  3671 | D:3      | Noticed Ijyb
  3701 | D:3      | Killed Ijyb
  3702 | D:3      | Reached skill level 1 in Conjurations
  3702 | D:3      | Reached skill level 5 in Earth Magic
  4010 | D:3      | Found a faded altar of an unknown god.
  4252 | D:4      | Noticed a water moccasin
  4256 | D:4      | Killed a water moccasin
  4257 | D:4      | Reached XP level 6. HP: 29/36 MP: 4/9
  4310 | D:4      | Found a basalt altar of Yredelemnul.
  4554 | D:4      | Reached skill level 6 in Earth Magic
  4554 | D:4      | Reached XP level 7. HP: 41/41 MP: 6/10
  4641 | D:4      | Found a burning altar of Makhleb.
  4805 | D:4      | Found a sand-covered staircase.
  4809 | Ossuary  | Entered an ossuary
  4809 | Ossuary  | Noticed a wraith
  4809 | Ossuary  | Noticed a wraith
  4809 | Ossuary  | Noticed a wraith
  5271 | Ossuary  | Noticed a wraith
  5438 | Ossuary  | Slain by a wraith

Illustrated notes

Levels and vault maps discovered:
D:1:      dpeg_arrival_houses_and_road, layout_basic, minmay_pentomino_u4
D:2:      layout_basic, serial_shops, nicolae_square_shop, shop,
          nicolae_shop_trees, shop, shop, grunt_ministairs_9, st_stairs_2,
          minmay_crystal_room, minmay_strange_pillars, minmay_hedge_maze,
          minmay_stone_trees_large
D:3:      kennysheep_the_goblin_king, layout_basic, nicolae_uskayaw_dance_hall,
          shapermc_ecumenical_altar_mp_vishouse, kennysheep_generic_room_2
D:4:      layout_loops_ring, makhleb_heckhound_becter,
          mainiacjoe_overflow_catwalk, enter_ossuary_5
Ossuary:  ossuary_due_mausoleum

Skill      XL: |  1  2  3  4  5  6  7 |
---------------+----------------------+-----
Earth Magic    | 4 5 6 |  6.7
Transmutations | 2 3 4 |  4.1
Conjurations   | 1 2 3 |  3.1
Dodging        | |  2.0
Stealth        | |  2.7
Spellcasting   | |  2.0

Action                   |  1- 3 |  4- 6 |  7- 9 || total
-------------------------+-------+-------+-------++-------
Melee: Unarmed           |       |    24 |       ||    24
       Constrict         |       |     1 |     3 ||     4
       Tentacles         |       |     1 |       ||     1
       Dagger            |       |       |     6 ||     6
 Cast: Sandblast         |    52 |    66 |    35 ||   153
       Stone Arrow       |       |       |    16 ||    16
  Use: Scroll            |     2 |     2 |     1 ||     5
 Stab: Sleeping          |       |       |     1 ||     1
Armor: Skin              |     6 |     2 |     1 ||     9
Dodge: Dodged            |    22 |    30 |    11 ||    63
